 Dungeon Crawl Stone Soup version 0.31-a0-150-g89dc3ad700 (webtiles) character file.

Game seed: 2096360949333157330

26 qw the Shooter (level 2, 0/26 HPs)
             Began as a Minotaur Hunter on June 8, 2023.
             Slain by Sigmund
             ... wielding a +0 scythe
              (5 damage)
             ... on level 2 of the Dungeon.
             The game lasted 00:00:16 (891 turns).

qw the Shooter (Minotaur Hunter)                     Turns: 891, Time: 00:00:17

Health: 0/26       AC:  7    Str: 15    XL:     2   Next: 89%
Magic:  1/1        EV: 11    Int:  6    God:
Gold:   33         SH:  0    Dex: 13    Spells: 1/1 levels left

rFire   . . .        Y - +0 shortbow
rCold   . . .        (shield currently unavailable)
rNeg    . . .        g - +0 ring mail
rPois   .            (helmet restricted)
rElec   .            (no cloak)
rCorr   .            (no gloves)
SInv    .            e - +1 pair of boots
Will    .....        (no amulet)
Stlth   +            (no ring)
HPRegen 0.24/turn    (no ring)
MPRegen 0.07/turn

%: no passive effects
@: no status effects
A: horns 2, retaliatory headbutt
a: no special abilities


You were on level 2 of the Dungeon.
You visited 1 branch of the dungeon, and saw 2 of its levels.

You collected 33 gold pieces.


Innate Abilities, Weirdness & Mutations

You have a pair of horns on your head.
You reflexively headbutt those who attack you in melee.


   Skills:
 - Level 3.0 Fighting
 - Level 5.1 Ranged Weapons
 + Level 0.2 Armour
 - Level 2.1 Dodging
 - Level 0.7 Stealth


You had one spell level left.
You didn't know any spells.
Your spell library was empty.

Inventory:

Hand Weapons
 Y - a +0 shortbow (weapon)
Armour
 e - a +1 pair of boots (worn)
 g - a +0 ring mail (worn)
Scrolls
 a - a scroll of identify

Dungeon Overview and Level Annotations

Branches:
Dungeon (2/15)

Altars:

Annotations:
D:2 Sigmund, Terence


Message History

Your +0 pair of boots glows green for a moment.
847 ||| ENCHANTING +0 pair of boots.
Done exploring.
848 ||| READING scroll labelled CIEBEB OCYAH.
As you read the scroll labelled CIEBEB OCYAH, it crumbles to dust.
You feel strangely unstable.
It was a scroll of teleportation.
You start waiting.
Your surroundings suddenly seem different.
Done exploring.
853 ||| DROPPING scroll of butterflies.
You drop a scroll of butterflies.
Done exploring.
(D) Dungeon
Where to? (* - list waypoints, ? - help)
What level of the Dungeon? (default 1, ? - help)
You see here a +0 short sword.
There is a stone staircase leading down here.
You climb downwards.
Terence shouts!
Sigmund shouts!
The kobold shouts!
You hear a shout!
Found a clear potion.
There is a stone staircase leading up here.
There are monsters nearby!
Waypoint 1 assigned to D:2.
885 ||| Stepping ~*~*~tactically~*~*~ (outnumbered).
Found a dented bronze amulet.
886 ||| Stepping ~*~*~tactically~*~*~ (outnumbered).
You shoot an arrow. The arrow closely misses the kobold.
You shoot an arrow. The arrow hits the kobold.
The kobold is moderately wounded.
You shoot an arrow. The arrow hits the kobold!
You kill the kobold!
A hobgoblin comes into view.
You shoot an arrow. The arrow barely misses Terence.
The hobgoblin shouts!
Sigmund gestures at you while chanting. The puff of flame hits you!
Terence hits you with a +0 flail.
You shoot an arrow. The arrow completely misses Terence.
Terence hits you with a +0 flail!
A kobold comes into view. It is wielding a +0 dagger.
Sigmund hits you from afar with a +0 scythe.
You die...

.!..... ....
....... ....
....... .#...
..... .....####
....
........##g.#
.........@..##.##
.".......<.......
###..@@........
###.##K###... #..
..# . ####....
.###. .. # ..


You could see Sigmund, Terence, a hobgoblin and a kobold.

Vanquished Creatures
  A dart slug (D:1)
  2 bats (D:1)
  An endoplasm (D:1)
  A goblin (D:1)
  2 hobgoblins (D:1)
  4 jackals (D:1)
  4 kobolds
  A quokka (D:1)
  3 frilled lizards (D:1)
  2 rats (D:1)
21 creatures vanquished.

Notes
Turn   | Place    | Note
-------+----------+-------------------------------------------
     0 | D:1      | qw the Minotaur Hunter began the quest for the Orb.
     0 | D:1      | Reached XP level 1. HP: 18/18 MP: 0/0
     0 | D:1      | 0 ||| qw: Version: 0.2-a-119-g7aa9181
     0 | D:1      | 0 ||| qw: Game counter: 2869
     0 | D:1      | 0 ||| qw: Always use a shield: true
     0 | D:1      | 0 ||| qw: God list: Okawaru
     0 | D:1      | 0 ||| qw: Allow faded altars: false
     0 | D:1      | 0 ||| qw: Do Orc after D:15 true
     0 | D:1      | 0 ||| qw: Do second Lair branch before Depths: true
     0 | D:1      | 0 ||| qw: Lair rune preference: random
     0 | D:1      | 0 ||| qw: Plans: Normal
     0 | D:1      | 0 ||| PLANNING D:1-11
   131 | D:1      | Reached XP level 2. HP: 18/25 MP: 1/1
   254 | D:1      | Reached skill level 5 in Ranged Weapons
   429 | D:1      | Reached skill level 3 in Fighting
   828 | D:1      | 828 ||| UPGRADING to +0 pair of boots.
   833 | D:1      | 833 ||| UPGRADING to +0 ring mail.
   843 | D:1      | 843 ||| DROPPING +0 leather armour.
   844 | D:1      | 844 ||| DROPPING scarf of invisibility.
   845 | D:1      | 845 ||| READING 2 scrolls labelled KOGRON LIPEIL.
   846 | D:1      | 846 ||| READING 2 scrolls labelled AGOK EVOCW.
   847 | D:1      | 847 ||| READING scroll of enchant armour.
   847 | D:1      | 847 ||| ENCHANTING +0 pair of boots.
   848 | D:1      | 848 ||| READING scroll labelled CIEBEB OCYAH.
   853 | D:1      | 853 ||| DROPPING scroll of butterflies.
   884 | D:2      | Noticed Terence
   884 | D:2      | Noticed Sigmund
   885 | D:2      | 885 ||| Stepping ~*~*~tactically~*~*~ (outnumbered).
   886 | D:2      | 886 ||| Stepping ~*~*~tactically~*~*~ (outnumbered).
   891 | D:2      | HP: 5/26 [Terence/+0 flail (8)]
   891 | D:2      | Slain by Sigmund

Levels and vault maps discovered:
D:1:      dpeg_arrival_pits, layout_basic, amcnicky_mini_rare_corridor_liquid
D:2:      layout_rooms, uniq_robin, uniq_natasha, uniq_terence, uniq_sigmund

Skill      XL: |  1  2 |
---------------+-------+-----
Ranged Weapons | 5 |  5.1
Fighting       | 3 |  3.0
Armour         | |  0.2
Dodging        | |  2.1
Stealth        | |  0.7

Action                     || total
---------------------------++-------
   Fire: Shortbow          ||    60
    Use: Scroll            ||     4
 Armour: Leather armour    ||     4
  Dodge: Dodged            ||    11

Table legend:
 A = Non-vault XP
 B = Vault XP
 C = Vault XP percentage of total XP
 D = Non-vault monster count
 E = Vault monster count
 F = Vault count percentage of total count
                 A         B        C        D         E       F
            +---------+---------+-------+---------+---------+-------
      Total |      38 |       0 |   0.0 |      21 |       0 |   0.0
            +---------+---------+-------+---------+---------+-------
        D:1 |      36 |       0 |   0.0 |      20 |       0 |   0.0
        D:2 |       2 |       0 |   0.0 |       1 |       0 |   0.0
            +---------+---------+-------+---------+---------+-------
